 Dungeon Crawl Stone Soup version 0.30-a0-800-g7c544603b3 (webtiles) character file.

Game seed: 5715340635781759811

7299 Darius099 the Severer (level 10, -6/78 HPs)
             Began as a Minotaur Fighter on Feb 22, 2023.
             Was a High Priest of Okawaru.
             Killed from afar by Maggie (27 damage)
             ... with a bolt of fire
             ... on level 10 of the Dungeon on Feb 23, 2023.
             The game lasted 00:29:01 (10654 turns).

Darius099 the Severer (Minotaur Fighter)           Turns: 10654, Time: 00:29:01

Health: -6/78      AC: 12    Str: 26    XL:     10   Next: 90%
Magic:  14/14      EV: 13    Int:  5    God:    Okawaru [*****.]
Gold:   720        SH:  9    Dex:  9    Spells: 9/9 levels left

rFire   . . .      SeeInvis .    a - +0 war axe
rCold   . . .      Faith    .    c - +0 buckler
rNeg    . . .      Spirit   .    I - +0 chain mail
rPois   .          Reflect  +    (helmet restricted)
rElec   .          Harm     .    s - +1 cloak {Stlth+}
rCorr   .          Rampage  .    h - +0 pair of gloves
Will    +....                    (no boots) Stlth
                                 E - amulet of reflection
HPRegen 0.33/turn                e - ring of willpower
MPRegen 0.14/turn                o - +5 ring of evasion

@: no status effects
A: horns 2, retaliatory headbutt
a: Renounce Religion, Heroism, Finesse, Duel


You were on level 10 of the Dungeon.
You worshipped Okawaru.
Okawaru was extremely pleased with you.
You visited 2 branches of the dungeon, and saw 11 of its levels.
You also visited: Sewer.

You collected 720 gold pieces.

Inventory:

Hand Weapons
 a - a +0 war axe (weapon)
Missiles
 g - 126 stones (quivered)
 m - 6 boomerangs
 t - 19 poisoned darts
 R - 4 silver boomerangs
Armour
 c - a +0 buckler (worn)
 h - a +0 pair of gloves (worn)
 s - a +1 cloak of stealth (worn)
 I - a +0 chain mail (worn)
Jewellery
 e - a ring of willpower (left hand)
 o - a +5 ring of evasion (right hand)
 v - a ring of see invisible
 y - a ring of flight
 E - an amulet of reflection (around neck)
 P - a ring of protection from fire
Wands
 u - a wand of iceblast (21)
 x - a wand of flame (24)
 H - a wand of digging (5)
Scrolls
 b - 2 scrolls of poison {unknown}
 i - 4 scrolls of noise {unknown}
 j - 2 scrolls of fog {unknown}
 k - 7 scrolls of teleportation {unknown}
 l - 9 scrolls of identify {unknown}
 n - 3 scrolls of vulnerability {unknown}
 w - 3 scrolls of fear {unknown}
 A - a scroll of blinking {unknown}
 C - a scroll of enchant weapon {unknown}
 K - a scroll of immolation {unknown}
 M - 3 scrolls of silence {unknown}
 O - a scroll of amnesia {unknown}
 Q - a scroll of enchant armour {unknown}
Potions
 d - 3 potions of might
 f - 3 potions of degeneration {unknown}
 p - 4 potions of magic {unknown}
 q - 3 potions of heal wounds
 r - 2 potions of brilliance {unknown}
 z - a potion of cancellation {unknown}
 B - 4 potions of flight {unknown}
 D - 2 potions of lignification {unknown}
 F - 4 potions of invisibility {unknown}
 G - 2 potions of curing {unknown}
 J - 3 potions of mutation {unknown}
 L - 2 potions of haste {unknown}
 N - a potion of attraction {unknown}


   Skills:
 - Level 3.9 Fighting
 - Level 16.0 Axes
 + Level 6.8 Throwing
 - Level 3.8 Armour
 - Level 3.8 Shields
 + Level 6.8 Invocations


You had 9 spell levels left.
You didn't know any spells.
Your spell library contained the following spells:

 Spells                   Type           Power      Damage    Failure   Level
 Freeze                   Ice            0%         1d3       99%         1
 Frozen Ramparts          Ice            0%         1d1       100%        3
 Hailstorm                Conj/Ice       0%         3d3       100%        3


Dungeon Overview and Level Annotations

Branches:
Dungeon (10/15)            Temple (1/1) D:4            Lair (0/5) D:8
  Sewer (visited)
    Orc: D:9-12

Altars:
Ashenzari
Cheibriados
Dithmenos
Elyvilon
Fedhas
Gozag
Hepliaklqana
Kikubaaqudgha
Makhleb
Nemelex Xobeh
Okawaru
Qazlal
Ru
Sif Muna
Uskayaw
Vehumet
Wu Jian
Xom
Yredelemnul
The Shining One

Shops:
D:7 !   D:9 :

Annotations:
D:10 Maggie


Innate Abilities, Weirdness & Mutations

You have a pair of horns on your head.
You reflexively headbutt those who attack you in melee.


Message History

Things that are here:
2 silver boomerangs; a kobold corpse
Found 6 stones.
You closely miss Maggie. Maggie closely misses you.
You closely miss Maggie.
The kobold throws a silver boomerang.
You reflect the silver boomerang off an invisible shield around you!
The silver boomerang hits Maggie but does no damage.
Maggie points at you and mumbles some strange words.
The bolt of fire hits you!
You hit Maggie.
Maggie is lightly wounded.
You slash Maggie!
Maggie is moderately wounded.
Maggie hits you with a +0 morningstar of flaming.
Maggie burns you.
You barely miss Maggie. You headbutt Maggie!
Maggie is heavily wounded.
You hit the kobold.
You kill the kobold!
Maggie barely misses you.
You hit Maggie.
Maggie is heavily wounded.
Maggie points at you and mumbles some strange words.
The bolt of fire hits you!!
* * * LOW HITPOINT WARNING * * *
You slash Maggie!
Maggie is severely wounded.
You slash Maggie! You headbutt Maggie, but do no damage.
Maggie is almost dead.
Maggie casts a spell.
Maggie attempts to bespell you! You resist with almost no effort.
You barely miss Maggie. You headbutt Maggie, but do no damage.
Maggie is almost dead.
Maggie casts a spell.
Maggie attempts to bespell you! You resist with almost no effort.
You slash Maggie!
Maggie is almost dead.
Maggie gestures at you while chanting. The bolt of fire hits you!!
You die...

......(...
#........... #
#........... #..
#............
##'##............
#..(.............
#....@...........
#....)@..........
##......((........
.........<........
#####.......>.....
#..########...
#†[# . #..# #..#
#..# ...


You could see Maggie.

Vanquished Creatures
  A two-headed ogre (D:8)
  Maurice (D:9)
  Prince Ribbit (D:7)
  A wraith (D:10)
  7 yaks
  2 wyverns (D:9)
  Menkaure (D:4)
  2 acid dragons
  3 water moccasins
  An orc warrior (D:4)
  An ice beast (D:8)
  3 black bears
  An ogre (D:7)
  2 centaurs (D:8)
  4 phantoms
  2 kobold brigands
  3 necrophages
  7 bullfrogs
  3 gnoll sergeants
  2 scorpions
  7 wights
  19 killer bees
  A howler monkey (D:10)
  3 hounds
  A jelly (D:6)
  Crazy Yiuf (D:2)
  A gnoll bouda (D:9)
  An orc priest (D:4)
  3 iguanas
  An orc wizard (D:4)
  A mummy (D:8)
  Robin (D:3)
  16 gnolls
  12 adders
  3 river rats (Sewer)
  A shadow imp (D:5)
  A white imp (D:7)
  2 ufetubi (D:6)
  2 worms
  A dart slug (D:1)
  11 orcs
  5 endoplasms
  6 giant cockroaches
  14 goblins
  11 hobgoblins
  A quokka (D:3)
  24 ball pythons
  8 bats
  7 frilled lizards
  26 kobolds
  2 kobold zombies (D:8)
  2 orc zombies (D:8)
  33 rats
276 creatures vanquished.

Vanquished Creatures (others)
  21 fungi (D:8)
  43 plants
64 creatures vanquished.

Grand Total: 340 creatures vanquished

Notes
Turn   | Place    | Note
-------+----------+-------------------------------------------
     0 | D:1      | Darius099 the Minotaur Fighter began the quest for the Orb.
     0 | D:1      | Reached XP level 1. HP: 19/19 MP: 0/0
   146 | D:1      | Reached XP level 2. HP: 27/27 MP: 1/1
   252 | D:1      | Reached skill level 3 in Axes
   977 | D:2      | Reached XP level 3. HP: 33/33 MP: 2/2
  1129 | D:2      | Reached skill level 4 in Axes
  1283 | D:2      | Found a runed translucent door.
  1284 | D:2      | Noticed Crazy Yiuf
  1496 | D:2      | Killed Crazy Yiuf
  1497 | D:2      | Reached XP level 4. HP: 33/40 MP: 0/3
  1554 | D:3      | Noticed a phantom
  1562 | D:3      | Reached skill level 5 in Axes
  1562 | D:3      | Killed a phantom
  1563 | D:3      | Reached skill level 6 in Axes
  1563 | D:3      | Reached XP level 5. HP: 42/46 MP: 4/4
  1614 | D:3      | Noticed Robin
  1626 | D:3      | Killed Robin
  1719 | D:3      | Reached skill level 7 in Axes
  1928 | D:3      | Found a shimmering blue altar of Sif Muna.
  1934 | D:3      | Found a sacrificial altar of Ru.
  1939 | D:3      | Found a radiant altar of Vehumet.
  2237 | D:3      | Found a faded altar of an unknown god.
  2401 | D:3      | Found an iron altar of Okawaru.
  2442 | D:3      | Became a worshipper of Warmaster Okawaru
  2672 | D:4      | Reached XP level 6. HP: 52/52 MP: 5/5
  2859 | D:4      | Found a glowing drain.
  2930 | Sewer    | Entered a sewer
  3129 | Sewer    | Reached skill level 8 in Axes
  3137 | Sewer    | Reached * piety under Okawaru
  3308 | D:4      | Noticed an orc warrior
  3322 | D:4      | Killed an orc warrior
  3323 | D:4      | Reached skill level 9 in Axes
  3323 | D:4      | Reached XP level 7. HP: 29/58 MP: 6/6
  3501 | D:4      | Found a staircase to the Ecumenical Temple.
  3625 | Temple   | Entered the Ecumenical Temple
  3793 | D:4      | Noticed Menkaure
  3801 | D:4      | Killed Menkaure
  3802 | D:4      | Reached skill level 10 in Axes
  3912 | D:5      | Entered Level 5 of the Dungeon
  4111 | D:5      | Reached ** piety under Okawaru
  4226 | D:5      | Found a broken altar of Ashenzari.
  4386 | D:5      | Reached skill level 11 in Axes
  4386 | D:5      | Reached XP level 8. HP: 66/66 MP: 7/7
  5360 | D:6      | Reached skill level 12 in Axes
  6175 | D:7      | Noticed Prince Ribbit
  6185 | D:7      | Reached skill level 13 in Axes
  6192 | D:7      | Killed Prince Ribbit
  6313 | D:7      | Identified the +0 spear of the Blue Skies {spect, Drain rN+
                  | Str+4 SInv}
  6440 | D:7      | Reached *** piety under Okawaru
  6441 | D:7      | Reached XP level 9. HP: 59/71 MP: 8/8
  6443 | D:7      | Reached skill level 14 in Axes
  6640 | D:7      | Found Uxul's Distillery.
  6959 | D:8      | Found a staircase to the Lair.
  6969 | D:8      | Reached skill level 15 in Axes
  7087 | D:7      | Reached **** piety under Okawaru
  7088 | D:7      | Reached skill level 16 in Axes
  7089 | D:7      | Reached skill level 1 in Throwing
  7089 | D:7      | Reached skill level 1 in Invocations
  7301 | D:7      | HP: 1/69 [wight/+2 morningstar (4)]
  7753 | D:8      | Reached XP level 10. HP: 66/78 MP: 9/11
  8136 | D:8      | Noticed a two-headed ogre
  8146 | D:8      | Killed a two-headed ogre
  8749 | D:9      | Found Xesim's Book Shop.
  9175 | D:9      | Reached skill level 5 in Throwing
  9175 | D:9      | Reached skill level 5 in Invocations
  9511 | D:9      | Reached ***** piety under Okawaru
  9810 | D:9      | Found a blossoming altar of Fedhas.
  9960 | D:10     | Entered Level 10 of the Dungeon
  9960 | D:10     | Noticed Maurice
 10189 | D:9      | Killed Maurice
 10642 | D:10     | Noticed Maggie
 10654 | D:10     | Killed from afar by Maggie

Illustrated notes

Levels and vault maps discovered:
D:1:      dpeg_arrival_tiny_d, layout_basic
D:2:      layout_rooms, corexii_leaking_fountain, minmay_misc_feat_doors,
          uniq_crazy_yiuf_cottage
D:3:      layout_loops_ring, okawaru_metal_pillars_1_2,
          minmay_overflow_temple_star_quad, chequers_ecumenical_altar_island,
          serial_bayou_lagoon_a, lemuel_flame_loot_1, uniq_robin
D:4:      layout_basic, minmay_temple_entry_junction,
          cheibrodos_sewer_entry_drain, guppyfry_early_orc_mine, uniq_menkaure
D:5:      layout_basic, ashenzari_conservatory_becter
D:6:      layout_loops_cross
D:7:      layout_gridville, serial_shops, nicolae_shop_stone,
          uniq_prince_ribbit1
D:8:      layout_layer_cave, due_lair_maze_entry_diamond, minmay_mini_ossuary
D:9:      layout_irregular_city, kennysheep_mini, serial_shops, shop
D:10:     layout_small_grid, lemuel_round_altar, amcnicky_altar_gilded,
          minmay_unpleasant_kobolds, uniq_maggie, uniq_maurice
Temple:   nicolae_temple_great_sept

Skill      XL: |  1  2  3  4  5  6  7  8  9 10 |
---------------+-------------------------------+-----
Axes           | 3 4 6 7 9 11 13 16 | 16.0
Throwing       | 2 6 |  6.8
Invocations    | 2 6 |  6.8
Fighting       | |  3.9
Armour         | |  3.8
Shields        | |  3.8

Action                     |  1- 3 |  4- 6 |  7- 9 | 10-12 || total
---------------------------+-------+-------+-------+-------++-------
  Melee: War axe           |    72 |   164 |   218 |   211 ||   665
         Headbutt          |     7 |    18 |    37 |    30 ||    92
  Throw: Stone             |       |     1 |       |       ||     1
 Invoke: Heroism           |       |       |     1 |     1 ||     2
    Use: Potion            |       |       |     1 |       ||     1
 Armour: Scale mail        |    32 |    72 |     3 |       ||   107
         Chain mail        |       |       |    45 |    49 ||    94
  Dodge: Dodged            |    44 |   137 |   112 |    83 ||   376
  Block: Buckler           |    18 |    38 |    91 |    87 ||   234
         Reflection        |       |       |     1 |     8 ||     9

Table legend: (Time is in decaauts)
 A = Elapsed time spent in this place.
 B = Non-inter-level travel time spent in this place.
 C = Inter-level travel time spent in this place.
 D = Time resting spent in this place.
 E = Time spent auto-exploring this place.
 F = Levels seen in this place.
 G = Mean time per level.
                   A        B        C        D        E       F      G
               +--------+--------+--------+--------+--------+-----+--------+
         Total |  10724 |  10411 |    313 |   2602 |   4655 |  12 |  893.7 |
       Dungeon |  10292 |   9979 |    313 |   2511 |   4554 |  10 | 1029.2 |
        Temple |     64 |     64 |      0 |      0 |     41 |   1 |   64.0 |
         Sewer |    368 |    368 |      0 |     91 |     59 |   1 |  368.0 |
               +--------+--------+--------+--------+--------+-----+--------+

Top non-repeatable levels by time:
     D:9: 1792 daAuts
     D:7: 1735 daAuts
     D:8: 1191 daAuts
     D:3: 1126 daAuts
     D:5: 1116 daAuts
     D:1: 970 daAuts
     D:4: 903 daAuts
     D:6: 767 daAuts
     D:2: 608 daAuts
   Sewer: 368 daAuts
    D:10: 80 daAuts
  Temple: 64 daAuts
